 Dungeon Crawl Stone Soup version 0.23-a0-29-g1be82e5 (webtiles) character file.

1025 galech the Chopper (level 8, -2/68 HPs)
             Began as a Minotaur Fighter on Aug 3, 2018.
             Was an Initiate of Makhleb.
             Slain by a two-headed ogre
             ... wielding a +0 giant spiked club
              (10 damage)
             ... on level 6 of the Dungeon.
             The game lasted 00:05:54 (4792 turns).

galech the Chopper (Minotaur Fighter)               Turns: 4792, Time: 00:05:55

Health: -2/68      AC:  9    Str: 22      XL:     8   Next: 2%
Magic:  7/7        EV:  7    Int:  5      God:    Makhleb [......]
Gold:   256        SH: 15    Dex:  8 (11) Spells: 7/7 levels left

rFire    + + .     SeeInvis .   a - +0 war axe
rCold    + . .     Gourm    .   h - +0 large shield
rNeg     . . .     Faith    .   b - +0 scale mail
rPois    .         Spirit   .   (helmet restricted)
rElec    .         Reflect  .   i - scarf {rC+ rF+}
rCorr    .         Harm     .   s - +0 pair of gloves
MR       .....                  (no boots)
Stlth    ..........             A - amulet of regeneration
HPRegen  0.61/turn              r - ring of protection from fire
MPRegen  0.10/turn              (no ring)

@: no status effects
A: retaliatory headbutt, horns 2
a: Renounce Religion


You were on level 6 of the Dungeon.
You worshipped Makhleb.
Makhleb was noncommittal.
You were not hungry.

You visited 2 branches of the dungeon, and saw 7 of its levels.

You collected 256 gold pieces.

Inventory:

Hand Weapons
 a - a +0 war axe (weapon)
 y - the +5 dagger of Nightmares {pierce, +Blink rPois Int-5 Dex+4}
   (You found it on level 5 of the Dungeon)

   It inflicts extra damage upon your enemies.
   It affects your intelligence (-5).
   It affects your dexterity (+4).
   It protects you from poison.
   It lets you blink.
Armour
 b - a +0 scale mail (worn)
 h - a +0 large shield (worn)
 i - a scarf of resistance (worn)
 s - a +0 pair of gloves (worn)
Jewellery
 r - a ring of protection from fire (left hand)
 A - an amulet of regeneration (around neck)
Wands
 u - a wand of polymorph (11)
 v - a wand of enslavement (11)
Scrolls
 g - 5 scrolls of remove curse {unknown}
 j - 5 scrolls of teleportation {unknown}
 l - 2 scrolls of magic mapping {unknown}
 m - 3 scrolls of identify {unknown}
 o - a scroll of immolation {unknown}
 p - 3 scrolls of enchant armour {unknown}
 q - a scroll of fog {unknown}
 z - a scroll of noise {unknown}
 B - a scroll of enchant weapon {unknown}
 D - a scroll of amnesia {unknown}
Potions
 c - 2 potions of mutation {unknown}
 d - a potion of might
 e - 5 potions of curing {unknown}
 k - a potion of brilliance {unknown}
 n - 2 potions of heal wounds {unknown}
 t - a potion of cancellation {unknown}
 w - a potion of haste {unknown}
 x - a potion of degeneration {unknown}
Comestibles
 f - 18 rations


   Skills:
 + Level 5.3 Fighting
 + Level 6.6 Axes
 + Level 6.3 Armour
 + Level 2.3 Dodging
 + Level 1.0 Stealth
 + Level 6.6 Shields


You had 7 spell levels left.
You didn't know any spells.
Your spell library was empty.

Dungeon Overview and Level Annotations

Branches:
Dungeon (6/15)             Temple (1/1) D:6

Altars:
Elyvilon
Kikubaaqudgha
Makhleb
Nemelex Xobeh
Qazlal
Ru
Sif Muna
Trog
Yredelemnul


Innate Abilities, Weirdness & Mutations

You reflexively headbutt those who attack you in melee.
You have a pair of horns on your head.


Message History

You are too injured to fight recklessly!
You are too injured to fight recklessly!
You are too injured to fight recklessly!
You are too injured to fight recklessly!
You are too injured to fight recklessly!
You are too injured to fight recklessly!
You barely miss the two-headed ogre.
The two-headed ogre is severely wounded.
The two-headed ogre hits you with a giant spiked club!
* * * LOW HITPOINT WARNING * * *
The two-headed ogre completely misses you.
You barely miss the two-headed ogre.
The two-headed ogre is severely wounded.
You block the two-headed ogre's attack. x2
You hit the two-headed ogre.
Your headbutt misses the two-headed ogre.
The two-headed ogre is severely wounded.
You block the two-headed ogre's attack.
The two-headed ogre hits you with a dire flail!
You die...

##....###..#............
....8..#...#............
#####.....#.#...#####....
..........#.#.......+....
............#..#.####....
.######...###............
#........#....#.#.......
#.###....#.#..#.###.####
#......@...#..#.# #.#
......#O####..#<###.#
#........ ..<#.....#
.........#.#..#.########
#.####...#.#..#........"
#. #...# #..#..####...
#.... #..# #.## #...#
#..# #.# #..# #..


You could see a two-headed ogre.

Vanquished Creatures
  A phantom (D:5)
  A necrophage (D:6)
  An ogre (D:6)
  A centaur (D:6)
  2 scorpions
  2 crimson imps
  A jelly (D:5)
  A quasit (D:6)
  2 hounds
  An orc priest (D:4)
  An orc wizard (D:4)
  An iguana (D:4)
  3 worker ants (D:4)
  Robin (D:2)
  3 gnolls (D:3)
  6 adders
  An ooze (D:1)
  An adder skeleton (D:4)
  A worm (D:5)
  2 dart slugs
  6 leopard geckos
  17 orcs
  5 giant cockroaches
  13 goblins
  12 hobgoblins
  11 jackals
  4 quokkas
  7 bats
  6 frilled lizards
  10 kobolds
  A leopard gecko skeleton (D:5)
  4 rats
129 creatures vanquished.

Notes
Turn   | Place    | Note
-------+----------+-------------------------------------------
     0 | D:1      | galech the Minotaur Fighter began the quest for the Orb.
     0 | D:1      | Reached XP level 1. HP: 19/19 MP: 0/0
   151 | D:1      | Reached XP level 2. HP: 27/27 MP: 1/1
   485 | D:1      | Reached XP level 3. HP: 33/33 MP: 2/2
   988 | D:2      | Noticed Robin
  1019 | D:2      | Killed Robin
  1020 | D:2      | Reached XP level 4. HP: 7/40 MP: 3/3
  1322 | D:2      | Found a white marble altar of Elyvilon.
  1323 | D:2      | Found a bloodstained altar of Trog.
  1323 | D:2      | Found a stormy altar of Qazlal.
  1323 | D:2      | Found a deep blue altar of Sif Muna.
  1329 | D:2      | Found an ancient bone altar of Kikubaaqudgha.
  1329 | D:2      | Found a basalt altar of Yredelemnul.
  1834 | D:3      | Reached skill level 1 in Dodging
  1839 | D:3      | Reached XP level 5. HP: 5/47 MP: 4/4
  2718 | D:4      | Reached XP level 6. HP: 43/53 MP: 5/5
  2857 | D:4      | Reached skill level 5 in Armour
  2857 | D:4      | Reached skill level 5 in Shields
  2897 | D:4      | Reached skill level 5 in Axes
  3318 | D:5      | Entered Level 5 of the Dungeon
  3507 | D:5      | Got a translucent dagger
  3508 | D:5      | Lost intelligence.
  3508 | D:5      | Identified the +5 dagger of Nightmares {pierce, +Blink rPois Int-5 Dex+4} (You found it on level 5 of the Dungeon)
  3627 | D:5      | Reached XP level 7. HP: 60/60 MP: 6/6
  3985 | D:5      | Reached skill level 5 in Fighting
  4238 | D:6      | Found a staircase to the Ecumenical Temple.
  4248 | Temple   | Entered the Ecumenical Temple
  4262 | Temple   | Became a worshipper of Makhleb the Destroyer
  4273 | D:6      | Reached skill level 1 in Stealth
  4636 | D:6      | Reached XP level 8. HP: 67/68 MP: 7/7
  4781 | D:6      | Noticed a two-headed ogre
  4792 | D:6      | Slain by a two-headed ogre

Vault maps used:
D:1:      scummos_arrival_hexagon
D:2:      minmay_overflow_temple_hex, uniq_robin
D:3:      corexii_shack_village, first_ration, minmay_misc_feat_pillars
D:5:      serial_bayou, serial_bayou_pond_c, serial_bayou_pond_c,
          serial_bayou_shore_a, serial_bayou_ford_a
D:6:      overflow_temple_1_default, zin_statuary,
          minmay_temple_entry_nine_rooms
Temple:   nicolae_temple_god_jail

Skill      XL: |  1  2  3  4  5  6  7 |
---------------+----------------------+-----
Fighting       | 4 5 |  5.3
Armour         | 4 5 6 |  6.3
Shields        | 4 5 6 |  6.6
Axes           | 3 4 5 6 |  6.6
Dodging        | 1 2 |  2.3
Stealth        | 1 |  1.0

Action                   |  1- 3 |  4- 6 |  7- 9 || total
-------------------------+-------+-------+-------++-------
Melee: War axe           |    94 |   184 |    82 ||   360
       Headbutt          |    10 |    34 |    11 ||    55
  Eat: Chunk             |       |     8 |     2 ||    10
       Ration            |       |       |     1 ||     1
Armor: Scale mail        |    47 |    49 |    88 ||   184
Dodge: Dodged            |    10 |    36 |    44 ||    90
Block: Large shield      |    89 |   156 |   106 ||   351
       Shield            |     1 |       |       ||     1

Table legend:
 A = Spawn XP
 B = Non-spawn XP
 C = Spawn XP percentage of total XP
 D = Spawn monster count
 E = Non-spawn monster count
 F = Spawn count percentage of total count
 G = Total turns spent on level
                    A         B        C        D         E        F      G
               +---------+---------+-------+---------+---------+-------+---------
         Total |       0 |    1465 |   0.0 |       0 |     129 |   0.0 |  4792
               +---------+---------+-------+---------+---------+-------+---------
           D:1 |       0 |      49 |   0.0 |       0 |      25 |   0.0 |   799
           D:2 |       0 |      49 |   0.0 |       0 |      19 |   0.0 |   645
           D:3 |       0 |     155 |   0.0 |       0 |      41 |   0.0 |  1111
           D:4 |       0 |     331 |   0.0 |       0 |      23 |   0.0 |   763
           D:5 |       0 |     297 |   0.0 |       0 |       7 |   0.0 |   859
           D:6 |       0 |     584 |   0.0 |       0 |      14 |   0.0 |   591
               +---------+---------+-------+---------+---------+-------+---------
